% Time on Ice - BOISE CARIBOUS
Lines # - Real PCT - Wanted PCT - Time Play
Normal Forward
1 - 30% - 31% - 13:42
2 - 28% - 30% - 13:01
3 - 26% - 24% - 12:04
4 - 16% - 15% - 7:39
Normal Defense
1 - 36% - 36% - 16:33
2 - 33% - 33% - 15:18
3 - 27% - 25% - 12:35
4 - 4% - 6% - 2:00
PP Forward
1 - 57% - 55% - 2:48
2 - 43% - 45% - 2:05
PP Defense
1 - 49% - 55% - 2:23
2 - 51% - 45% - 2:30
PK Forward
1 - 56% - 55% - 3:50
2 - 44% - 45% - 3:03
PK Defense
1 - 47% - 55% - 3:16
2 - 53% - 45% - 3:37
PK3 Forward
1 - 0% - 55%
2 - 0% - 45%
PK3 Defense
1 - 0% - 55%
2 - 0% - 45%
44 Forward
1 - 100% - 55% - 1:04
2 - 0% - 45% - 0:00
44 Defense
1 - 34% - 55% - 0:22
2 - 66% - 45% - 0:42
Last Minute Offensive  - 0:00
Last Minute Defensive  - 0:44
Total
Forward - 60:00
Defense - 60:00
% Time on Ice - ANAHEIM OUTLAWS
Lines # - Real PCT - Wanted PCT - Time Play
Normal Forward
1 - 28% - 29% - 13:11
2 - 28% - 29% - 13:05
3 - 26% - 26% - 11:54
4 - 18% - 16% - 8:28
Normal Defense
1 - 33% - 36% - 15:11
2 - 40% - 31% - 18:39
3 - 23% - 23% - 10:33
4 - 5% - 10% - 2:15
PP Forward
1 - 55% - 55% - 3:48
2 - 45% - 45% - 3:05
PP Defense
1 - 54% - 55% - 3:43
2 - 46% - 45% - 3:10
PK Forward
1 - 65% - 55% - 3:10
2 - 35% - 45% - 1:43
PK Defense
1 - 62% - 55% - 3:01
2 - 38% - 45% - 1:52
PK3 Forward
1 - 0% - 55%
2 - 0% - 45%
PK3 Defense
1 - 0% - 55%
2 - 0% - 45%
44 Forward
1 - 86% - 55% - 0:55
2 - 14% - 45% - 0:09
44 Defense
1 - 14% - 55% - 0:09
2 - 86% - 45% - 0:55
Last Minute Offensive  - 0:32
Last Minute Defensive  - 0:00
Total
Forward - 60:00
Defense - 60:00
Play-by-Play 1st period 0:01 of 1st period - John Tavares wins face-off versus Carl Soderberg in neutral zone. 0:12 of 1st period - Shot by John Tavares. 0:12 of 1st period - Stopped by Robin Lehner with a rebound. 0:24 of 1st period - Shot by John Tavares. 0:24 of 1st period - Stopped by Robin Lehner with a rebound. 1:27 of 1st period - Icing by Tom Wilson. 1:28 of 1st period - Radek Faksa wins face-off versus Sam Bennett in BOISE CARIBOUS zone. 1:35 of 1st period - Shot by Dominik Kubalik. 1:35 of 1st period - Shot Misses the Net. 1:37 of 1st period - Shot by Joakim Ryan. 1:37 of 1st period - Stopped by Pekka Rinne with a rebound. 1:39 of 1st period - Shot by Tom Wilson. 1:39 of 1st period - Shot Misses the Net. 2:08 of 1st period - Shot by Kyle Turris. 2:08 of 1st period - Stopped by Pekka Rinne without a rebound. 2:09 of 1st period - Theodor Blueger wins face-off versus Frederik Gauthier in ANAHEIM OUTLAWS zone. 2:09 of 1st period - Lawson Crouse is hit by Keith Yandle and loses puck. 2:58 of 1st period - Shot by Kyle Turris. 2:58 of 1st period - Stopped by Pekka Rinne without a rebound. 2:59 of 1st period - Jordan Staal wins face-off versus Kyle Turris in ANAHEIM OUTLAWS zone. 2:59 of 1st period - Adrian Kempe is hit by Darren Helm and loses puck. 3:13 of 1st period - Icing by Noah Hanifin. 3:14 of 1st period - Jordan Staal wins face-off versus Dominik Kubalik in ANAHEIM OUTLAWS zone. 3:14 of 1st period - Jordan Staal is hit by Tom Wilson. 3:28 of 1st period - Dominik Kubalik is hit by Jordan Staal and loses puck. 3:42 of 1st period - Kasperi Kapanen is hit by Rasmus Andersson and loses puck. 3:54 of 1st period - Icing by Noah Hanifin. 3:55 of 1st period - Jordan Staal wins face-off versus Kyle Turris in ANAHEIM OUTLAWS zone. 4:10 of 1st period - Patrik Nemeth is hit by Darren Helm and loses puck. 4:55 of 1st period - Shot by Richard Panik. 4:55 of 1st period - Stopped by Robin Lehner without a rebound. 4:56 of 1st period - John Tavares wins face-off versus Phil Kessel in BOISE CARIBOUS zone. 5:07 of 1st period - Shot by Jake DeBrusk. 5:07 of 1st period - Goal by Jake DeBrusk - BOISE CARIBOUS : 0 - ANAHEIM OUTLAWS : 1. 5:08 of 1st period - Frederik Gauthier wins face-off versus Theodor Blueger in neutral zone. 5:08 of 1st period - Justin Faulk is hit by Brendan Smith and loses puck. 5:15 of 1st period - Lawson Crouse is hit by Frederik Gauthier and loses puck. 5:21 of 1st period - Joey Anderson is hit by Joakim Ryan and loses puck. 6:18 of 1st period - Shot by Jake DeBrusk. 6:18 of 1st period - Shot Misses the Net. 6:54 of 1st period - Icing by John Tavares. 6:55 of 1st period - John Tavares wins face-off versus Radek Faksa in ANAHEIM OUTLAWS zone. 7:28 of 1st period - Icing by Richard Panik. 7:29 of 1st period - Kyle Turris wins face-off versus Sam Bennett in ANAHEIM OUTLAWS zone. 7:43 of 1st period - Richard Panik is hit by Rasmus Andersson and loses puck. 8:39 of 1st period - Shot by Carl Soderberg. 8:39 of 1st period - Stopped by Pekka Rinne with a rebound. 8:41 of 1st period - Shot by Erik Cernak. 8:41 of 1st period - Shot Blocked by Jake Gardiner. 8:49 of 1st period - Shot by Andre Burakovsky. 8:49 of 1st period - Shot Blocked by Justin Faulk. 8:51 of 1st period - Shot by Carl Soderberg. 8:51 of 1st period - Stopped by Pekka Rinne without a rebound. 8:52 of 1st period - John Tavares wins face-off versus Dominik Kubalik in ANAHEIM OUTLAWS zone. 9:19 of 1st period - Shot by Radek Faksa. 9:19 of 1st period - Shot Misses the Net. 9:21 of 1st period - Shot by Will Butcher. 9:21 of 1st period - Goal by Will Butcher - BOISE CARIBOUS : 1 - ANAHEIM OUTLAWS : 1. 9:22 of 1st period - Frederik Gauthier wins face-off versus Lawson Crouse in neutral zone. 9:36 of 1st period - Shot by Theodor Blueger. 9:36 of 1st period - Stopped by Pekka Rinne without a rebound. 9:37 of 1st period - Sam Bennett wins face-off versus Carl Soderberg in ANAHEIM OUTLAWS zone. 10:15 of 1st period - Shot by Andre Burakovsky. 10:15 of 1st period - Shot Misses the Net. 10:37 of 1st period - Shot by Jake DeBrusk. 10:37 of 1st period - Shot Misses the Net. 10:40 of 1st period - Kevin Fiala is hit by Erik Cernak and loses puck. 10:52 of 1st period - Shot by John Tavares. 10:52 of 1st period - Stopped by Robin Lehner without a rebound. 10:53 of 1st period - Jordan Staal wins face-off versus Radek Faksa in BOISE CARIBOUS zone. 10:59 of 1st period - Adrian Kempe is hit by Mike Reilly and loses puck. 12:07 of 1st period - Shot by Patrick Marleau. 12:07 of 1st period - Stopped by Pekka Rinne without a rebound. 12:08 of 1st period - Theodor Blueger wins face-off versus Frederik Gauthier in ANAHEIM OUTLAWS zone. 12:14 of 1st period - Lawson Crouse is hit by Keith Yandle and loses puck. 13:09 of 1st period - Shot by Darren Helm. 13:09 of 1st period - Stopped by Pekka Rinne without a rebound. 13:10 of 1st period - Radek Faksa wins face-off versus Sam Bennett in ANAHEIM OUTLAWS zone. 13:27 of 1st period - Shot by Radek Faksa. 13:27 of 1st period - Shot Misses the Net. 13:29 of 1st period - Shot by Will Butcher. 13:29 of 1st period - Stopped by Pekka Rinne without a rebound. 13:30 of 1st period - John Tavares wins face-off versus Kyle Turris in ANAHEIM OUTLAWS zone. 13:30 of 1st period - John Tavares is hit by Darren Helm. 13:44 of 1st period - Shot by Kyle Turris. 13:44 of 1st period - Shot Misses the Net. 14:44 of 1st period - Off-side. 14:45 of 1st period - Sam Bennett wins face-off versus Dominik Kubalik in neutral zone. 14:50 of 1st period - Shot by Michael Grabner. 14:50 of 1st period - Goal by Michael Grabner - BOISE CARIBOUS : 1 - ANAHEIM OUTLAWS : 2. 14:51 of 1st period - Sam Bennett wins face-off versus Radek Faksa in neutral zone. 14:51 of 1st period - Keith Yandle is hit by Tom Wilson and loses puck. 15:16 of 1st period - Shot by Dominik Kubalik. 15:16 of 1st period - Shot Misses the Net. 15:18 of 1st period - Shot by Radek Faksa. 15:18 of 1st period - Stopped by Pekka Rinne without a rebound. 15:19 of 1st period - Jordan Staal wins face-off versus Carl Soderberg in ANAHEIM OUTLAWS zone. 15:19 of 1st period - Jordan Staal is hit by Andre Burakovsky. 15:35 of 1st period - Shot by Jordan Staal. 15:35 of 1st period - Shot Misses the Net. 15:57 of 1st period - Adrian Kempe is hit by John Klingberg and loses puck. 16:52 of 1st period - Tom Wilson is hit by Morgan Rielly and loses puck. 16:55 of 1st period - Shot by Tom Wilson. 16:55 of 1st period - Stopped by Pekka Rinne without a rebound. 16:56 of 1st period - Kyle Turris wins face-off versus John Tavares in ANAHEIM OUTLAWS zone. 16:56 of 1st period - Kyle Turris is hit by Jake Gardiner. 17:03 of 1st period - Darren Helm is hit by Jake Gardiner. 17:05 of 1st period - Shot by Kyle Turris. 17:05 of 1st period - Shot Misses the Net. 17:20 of 1st period - Kevin Fiala is hit by Rasmus Andersson and loses puck. 17:24 of 1st period - Icing by Joakim Ryan. 17:25 of 1st period - Kyle Turris wins face-off versus Frederik Gauthier in BOISE CARIBOUS zone. 17:27 of 1st period - Icing by Darren Helm. 17:28 of 1st period - Kyle Turris wins face-off versus Sam Bennett in BOISE CARIBOUS zone. 17:34 of 1st period - Icing by Morgan Rielly. 17:35 of 1st period - Carl Soderberg wins face-off versus Sam Bennett in ANAHEIM OUTLAWS zone. 17:42 of 1st period - Shot by Phil Kessel. 17:42 of 1st period - Shot Misses the Net. 18:58 of 1st period - Shot by Kevin Fiala. 18:58 of 1st period - Stopped by Robin Lehner with a rebound. 19:06 of 1st period - Shot by Radek Faksa. 19:06 of 1st period - Shot Misses the Net. 19:24 of 1st period - Shot by Patrick Marleau. 19:24 of 1st period - Stopped by Pekka Rinne with a rebound. 19:26 of 1st period - Shot by Darren Helm. 19:26 of 1st period - Shot Misses the Net. 19:46 of 1st period - Shot by Darren Helm. 19:46 of 1st period - Stopped by Pekka Rinne without a rebound. 19:47 of 1st period - Theodor Blueger wins face-off versus Jordan Staal in ANAHEIM OUTLAWS zone. Goals for this period are 1 for BOISE CARIBOUS vs 2 for ANAHEIM OUTLAWS. Shots for this period are 14 for BOISE CARIBOUS vs 7 for ANAHEIM OUTLAWS. 2nd period 0:01 of 2nd period - Jordan Staal wins face-off versus Radek Faksa in neutral zone. 0:20 of 2nd period - Shot by Jordan Staal. 0:20 of 2nd period - Deflect By Adrian Kempe. 0:20 of 2nd period - Shot Misses the Net. 0:22 of 2nd period - Shot by Kasperi Kapanen. 0:22 of 2nd period - Stopped by Robin Lehner with a rebound. 0:28 of 2nd period - Shot by Adrian Kempe. 0:28 of 2nd period - Shot Blocked by Tom Wilson. 1:10 of 2nd period - Shot by Pierre Engvall. 1:10 of 2nd period - Shot Blocked by Phil Kessel. 1:14 of 2nd period - Shot by Joey Anderson. 1:14 of 2nd period - Shot Blocked by Rasmus Andersson. 1:23 of 2nd period - Joey Anderson is hit by Rasmus Andersson and loses puck. 1:42 of 2nd period - Shot by Andre Burakovsky. 1:42 of 2nd period - Stopped by Pekka Rinne without a rebound. 1:43 of 2nd period - Kyle Turris wins face-off versus Sam Bennett in ANAHEIM OUTLAWS zone. 3:18 of 2nd period - Shot by Adrian Kempe. 3:18 of 2nd period - Shot Misses the Net. 3:44 of 2nd period - Icing by Morgan Rielly. 3:45 of 2nd period - Jordan Staal wins face-off versus Carl Soderberg in ANAHEIM OUTLAWS zone. 3:45 of 2nd period - Jordan Staal is hit by Andre Burakovsky. 3:54 of 2nd period - Icing by Andre Burakovsky. 3:55 of 2nd period - John Tavares wins face-off versus Carl Soderberg in BOISE CARIBOUS zone. 4:07 of 2nd period - Kevin Fiala is hit by Rasmus Andersson and loses puck. 4:12 of 2nd period - Shot by John Tavares. 4:12 of 2nd period - Stopped by Robin Lehner with a rebound. 4:17 of 2nd period - Minor Penalty to Rasmus Andersson for High sticking. 4:18 of 2nd